 Dungeon Crawl Stone Soup version 0.23-a0-208-gb6b040f (webtiles) character file.

56 Dissent the Poker (level 3, -2/31 HPs)
             Began as a Hill Orc Monk on Sept 25, 2018.
             Slain by an orc warrior
             ... wielding a +0 hand axe
              (5 damage)
             ... on level 4 of the Dungeon.
             The game lasted 00:02:53 (1899 turns).

Dissent the Poker (Hill Orc Monk)                   Turns: 1899, Time: 00:02:54

Health: -2/31      AC: 10    Str: 14    XL:     3   Next: 97%
Magic:  3/3        EV: 12    Int: 10    God:
Gold:   105        SH:  0    Dex: 13    Spells: 2/2 levels left

rFire    . . .     SeeInvis .   a - +0 spear
rCold    . . .     Gourm    .   (no shield)
rNeg     + . .     Faith    .   m - +0 pearl dragon scales
rPois    .         Spirit   .   (no helmet)
rElec    .         Reflect  .   (no cloak)
rCorr    +         Harm     .   (no gloves)
MR       .....                  (no boots)
Stlth    ..........             (no amulet)
HPRegen  0.10/turn              l - ring of resist corrosion
MPRegen  0.08/turn              g - +3 ring of evasion

@: confused
A: no striking features
a: no special abilities


You were on level 4 of the Dungeon.
You were not hungry.

You visited 1 branch of the dungeon, and saw 4 of its levels.

You collected 105 gold pieces.

Inventory:

Hand Weapons
 a - a +0 spear (weapon)
Missiles
 h - 5 javelins (quivered)
Armour
 m - +0 pearl dragon scales (worn)
   (You found it on level 1 of the Dungeon)
Jewellery
 g - a +3 ring of evasion (right hand)
   (You found it on level 1 of the Dungeon)
 l - a ring of resist corrosion (left hand)
   (You found it on level 1 of the Dungeon)
Scrolls
 b - 2 scrolls of teleportation {unknown}
 c - 2 scrolls of blinking {unknown}
 f - 2 scrolls of identify {unknown}
 n - a scroll of noise {unknown}
Potions
 d - 2 potions of degeneration {unknown}
 j - 2 potions of cancellation {unknown}
 k - 3 potions of flight {unknown}
 o - a potion of mutation {unknown}
 p - a potion of curing {unknown}
 q - 2 potions of haste {unknown}
 r - a potion of agility {unknown}
 s - a potion of might {unknown}
Comestibles
 e - 4 rations {!d}


   Skills:
 - Level 3.6 Fighting
 + Level 5.2 Polearms
 - Level 2.4 Dodging
 - Level 1.5 Stealth


You had 2 spell levels left.
You didn't know any spells.
Your spell library was empty.

Dungeon Overview and Level Annotations

Branches:
Dungeon (3/15)

Altars:


Message History

The orc warrior shouts!
You hit the orc wizard but do no damage.
You closely miss the orc wizard.
The orc wizard hits you but does no damage.
You closely miss the orc wizard. The orc wizard barely misses you.
You hit the orc wizard but do no damage.
You closely miss the orc wizard. The orc wizard casts a spell at you.
The magic dart hits you!
You hit the orc wizard.
The orc wizard casts a spell.
The orc wizard seems to speed up.
You barely miss the orc wizard.
The orc wizard points at you and mumbles some strange words.
The magic dart hits you! The orc wizard barely misses you.
You closely miss the orc wizard. The orc wizard barely misses you.
The orc wizard hits you with a dagger.
You barely miss the orc wizard.
The orc wizard points at you and mumbles some strange words.
The puff of frost misses you.
The orc wizard hits you but does no damage.
You hit the orc wizard but do no damage.
The orc wizard closely misses you.
The orc wizard points at you and mumbles some strange words.
You are confused.
You are too confused!
You bump into the rock wall.
The orc wizard hits you but does no damage.
The orc wizard gestures at you while chanting.
The magic dart hits you! The orc wizard misses you.
Unknown command.
You hit the orc wizard. The orc wizard casts a spell at you.
The puff of flame hits you!
* * * LOW HITPOINT WARNING * * *
The orc hits you but does no damage.
The orc wizard hits you but does no damage.
The orc wizard misses you.
An orc comes into view. It is wielding a war axe.
Unknown command.
The orc shouts!
The orc wizard gestures wildly while chanting.
The orc wizard flickers and vanishes!
Deactivating autopickup; reactivate with Ctrl-A.
Your pearl dragon scales prevents you from hitting the orc.
The orc warrior hits you with a hand axe!
* * * LOW HITPOINT WARNING * * *
You bump into the rock wall.
The orc warrior hits you with a hand axe.
You die...

. ##.........#
..##.........#
.............#
........####..#
....##..## ##
##..## # ##..#
.#. ##.### ....
##@.o##.....
#..o........
#..##o.......
#..###.o.##....
...# #..## #..
...# ..## . ...
.(## ## .o# .o#


You could see an orc warrior, an orc wizard and 2 orcs.

Vanquished Creatures
  An adder (D:2)
  2 dart slugs (D:1)
  A ball python (D:1)
  3 bats
  4 giant cockroaches
  6 goblins
  6 hobgoblins
  7 jackals
  4 frilled lizards
  2 kobolds
  3 rats
39 creatures vanquished.

Notes
Turn   | Place    | Note
-------+----------+-------------------------------------------
     0 | D:1      | Dissent the Hill Orc Monk began the quest for the Orb.
     0 | D:1      | Reached XP level 1. HP: 19/19 MP: 1/1
   593 | D:1      | Reached XP level 2. HP: 26/26 MP: 2/2
   614 | D:1      | Reached skill level 4 in Polearms
   990 | D:1      | Reached XP level 3. HP: 29/31 MP: 3/3
  1493 | D:2      | Reached skill level 5 in Polearms
  1862 | D:3      | You fall through a shaft!
  1882 | D:4      | Noticed an orc warrior
  1899 | D:4      | Slain by an orc warrior

Vault maps used:
D:1:      onia_arrival_mini_spirals
D:2:      first_ration
D:4:      mumra_celtic_spiral_tile, lemuel_doored_altar, uniq_natasha

Skill      XL: |  1  2  3 |
---------------+----------+-----
Polearms       | 4 5 |  5.2
Fighting       | |  3.6
Dodging        | |  2.4
Stealth        | |  1.5

Action                   || total
-------------------------++-------
Melee: Spear             ||   213
 Stab: Sleeping          ||     1
  Eat: Chunk             ||     3
Armor: Robe              ||     3
       Pearl dragon scal ||    62
Dodge: Dodged            ||   103

Table legend:
 A = Non-vault XP
 B = Vault XP
 C = Vault XP percentage of total XP
 D = Non-vault monster count
 E = Vault monster count
 F = Vault count percentage of total count
                 A         B        C        D         E       F
            +---------+---------+-------+---------+---------+-------
      Total |      81 |       0 |   0.0 |      39 |       0 |   0.0
            +---------+---------+-------+---------+---------+-------
        D:1 |      38 |       0 |   0.0 |      20 |       0 |   0.0
        D:2 |      43 |       0 |   0.0 |      19 |       0 |   0.0
            +---------+---------+-------+---------+---------+-------
